 Dungeon Crawl Stone Soup version 0.21-a0-110-g8e1637b (webtiles) character file.

448 Ordine the Conjurer (level 7, -10/38 HPs)
             Began as a Tengu Wizard on July 10, 2017.
             Shot with an arrow by a centaur (13 damage)
             ... on level 6 of the Dungeon.
             The game lasted 00:14:44 (5876 turns).

Ordine the Conjurer (Tengu Wizard)                  Turns: 5876, Time: 00:14:44

Health: -10/38     AC:  7    Str:  7    XL:     7   Next: 4%
Magic:  13/14      EV: 12    Int: 20    God:
Gold:   274        SH:  0    Dex: 13    Spells: 11/14 levels left

rFire    . . .     SeeInvis .   j - +1 spear
rCold    . . .     Gourm    .   (no shield)
rNeg     + . .     Faith    .   f - +0 leather armour
rPois    .         Spirit   .   o - +2 hat
rElec    .         Reflect  .   (no cloak)
rCorr    .         Harm     .   l - +1 pair of gloves
MR       .....                  (boots unavailable)
Stlth    ++........             (no amulet)
HPRegen  0.12/turn              b - ring of positive energy
MPRegen  0.14/turn              (no ring)

@: no status effects
A: beak, talons 3, able to fly 1
a: Fly


You were on level 6 of the Dungeon.
You were very hungry.

You visited 1 branch of the dungeon, and saw 6 of its levels.

You collected 274 gold pieces.

Inventory:

Hand Weapons
 j - a +1 spear (weapon)
 x - a +0 great sword
Armour
 a - the +3 scale mail "Vaysooh" {Stlth+, unknown}
   (You found it on level 4 of the Dungeon)

   It makes you more stealthy.
 f - a +0 leather armour (worn)
 l - a +1 pair of gloves (worn)
 o - a +2 hat (worn)
 t - a +0 buckler
Jewellery
 b - a ring of positive energy (left hand)
Scrolls
 e - a scroll of immolation
 h - a scroll of teleportation
 m - 3 scrolls of fear
 q - 3 scrolls of magic mapping
 s - 2 scrolls of enchant armour
 u - 2 scrolls of amnesia
Potions
 g - 2 potions of mutation
 i - 2 potions of curing
 k - a potion of agility
 n - 2 potions of brilliance
 p - a potion of ambrosia
 r - a potion of haste
 v - a potion of magic
 z - a potion of lignification
Books
 c - a book of Minor Magic

   Spells                             Type                      Level
   a - Magic Dart                     Conjuration                  1
   b - Blink                          Translocation                2
   c - Call Imp                       Summoning                    2
   d - Slow                           Hexes                        2
   e - Conjure Flame                  Conjuration/Fire             3
   f - Mephitic Cloud                 Conjuration/Poison/Air       3
Comestibles
 d - 5 bread rations
 w - a royal jelly


   Skills:
 + Level 1.0 Fighting
 + Level 0.0 Long Blades
 + Level 1.3 Armour
 + Level 2.5 Dodging
 - Level 3.0 Stealth
 + Level 2.3 Shields
 - Level 4.0 Spellcasting
 - Level 5.0 Conjurations
   Level 1.2 Summonings
 + Level 2.4 Translocations


You had 11 spell levels left.
You knew the following spells:

 Your Spells              Type           Power        Failure   Level  Hunger
a - Magic Dart            Conj           ###.         2%          1    None
b - Blink                 Tloc           N/A          11%         2    #......


Dungeon Overview and Level Annotations

Branches:
Dungeon (6/15)             Temple (0/1) D:5

Altars:
Hepliaklqana
Qazlal

Annotations:
D:5 Duvessa


Innate Abilities, Weirdness & Mutations

You have a beak for a mouth.
You have claws for feet.
You can fly.


Message History

The magic dart hits the centaur.
The centaur is moderately wounded.
The centaur shoots an arrow.
The arrow hits you!
Casting: Magic Dart
Confirm with . or Enter, or press ? or * to list all spells.
Aiming: Magic Dart
Press: ? - help, Shift-Dir - straight line, f/p - centaur
Aim: a centaur, wielding a shortbow (moderately wounded)
The magic dart hits the centaur.
The centaur is moderately wounded.
The centaur shoots an arrow.
The arrow hits you!
The centaur shoots an arrow.
The arrow hits you but does no damage.
You close the door.
A centaur opens the door.
The centaur shoots an arrow.
The arrow hits you!
* * * LOW HITPOINT WARNING * * *
You see here an arrow.
There is a stone staircase leading down here.
The centaur shoots an arrow.
The arrow hits you!
You die...

#c..............#
#.....###'#.....#
+.....'...#######
#c...# #....#
#....# #....#
##...(#####
#....@#...#
#....#....#
#....#....#
#....#....#
######.##...#
##.####.##...#
#............#
#............#
#.......P....#


You could see a centaur.

Vanquished Creatures
  A crimson imp (D:4)
  3 hounds
  An orc wizard (D:4)
  An orc priest (D:5)
  A centaur skeleton (D:4)
  Natasha (thrice) (D:2 D:3)
  A killer bee zombie (D:6)
  5 adders
  2 oozes
  An adder skeleton (D:4)
  A dart slug (D:2)
  4 leopard geckos
  4 orcs (D:4)
  2 ball pythons (D:3)
  11 bats
  4 giant cockroaches
  3 goblins
  4 hobgoblins
  14 jackals
  3 kobolds
  4 quokkas
  4 frilled lizards
  A leopard gecko zombie (D:6)
  5 rats
83 creatures vanquished.

Vanquished Creatures (others)
  A hobgoblin (D:1)
  A kobold (D:1)
2 creatures vanquished.

Grand Total: 85 creatures vanquished

Notes
Turn   | Place    | Note
-------+----------+-------------------------------------------
     0 | D:1      | Ordine the Tengu Wizard began the quest for the Orb.
     0 | D:1      | Reached XP level 1. HP: 10/10 MP: 5/5
   199 | D:1      | Reached skill level 2 in Conjurations
   204 | D:1      | Reached XP level 2. HP: 13/15 MP: 0/7
   214 | D:1      | Learned a level 2 spell: Blink
   886 | D:2      | Reached XP level 3. HP: 19/19 MP: 4/8
   922 | D:2      | Reached skill level 3 in Conjurations
   950 | D:2      | Reached skill level 1 in Translocations
   962 | D:2      | Noticed Natasha
  1502 | D:2      | Found a stormy altar of Qazlal.
  1521 | D:2      | Found a hazy altar of Hepliaklqana.
  1639 | D:2      | Reached XP level 4. HP: 24/24 MP: 5/10
  1806 | D:2      | Killed Natasha
  2119 | D:2      | Reached skill level 4 in Conjurations
  2298 | D:3      | Gained mutation: You can fly. [Tengu growth]
  2298 | D:3      | Reached XP level 5. HP: 28/28 MP: 9/11
  2512 | D:3      | Noticed Natasha
  2527 | D:3      | Killed Natasha
  2591 | D:3      | Noticed Natasha
  2598 | D:3      | Killed Natasha
  2598 | D:3      | Reached skill level 1 in Shields
  3391 | D:4      | Got a distressingly furry scale mail
  3860 | D:4      | Reached XP level 6. HP: 32/32 MP: 8/12
  4079 | D:5      | Entered Level 5 of the Dungeon
  4398 | D:5      | Noticed Duvessa
  4402 | D:5      | Found a staircase to the Ecumenical Temple.
  4863 | D:4      | Reached skill level 5 in Conjurations
  5143 | D:5      | Reached skill level 1 in Armour
  5650 | D:6      | Reached skill level 1 in Fighting
  5650 | D:6      | Reached XP level 7. HP: 37/38 MP: 7/14
  5876 | D:6      | Shot with an arrow by a centaur

Vault maps used:
D:1:      zaba_arrival_water, hangedman_decor_diamond_cutter,
          lemuel_old_faithful
D:2:      nicolae_overflow_crystal_walls, first_bread, grunt_qazlal_sundering,
          uniq_natasha
D:5:      minmay_temple_entry_from_below_a, uniq_duvessa
D:6:      gammafunk_temple_overflow_wave, serial_undead, serial_undead_c,
          serial_undead_b, serial_undead_b, serial_undead_c, serial_undead_f,
          serial_undead_b, serial_undead_a, serial_undead_b

Skill      XL: |  1  2  3  4  5  6 |
---------------+-------------------+-----
Conjurations   | 2 3 4 5 |  5.0
Translocations | 1 2 |  2.4
Stealth        | 3 |  3.0
Shields        | 1 2 |  2.3
Spellcasting   | 4 |  4.0
Armour         | 1 |  1.3
Fighting       | 1 |  1.0
Dodging        | |  2.5
Summonings     | |  1.2

Action                   |  1- 3 |  4- 6 |  7- 9 || total
-------------------------+-------+-------+-------++-------
Melee: Spear             |    66 |     2 |     2 ||    70
       Kick              |    13 |     1 |       ||    14
       Peck              |     1 |       |       ||     1
 Cast: Magic Dart        |    70 |   162 |     7 ||   239
       Blink             |       |     2 |       ||     2
  Use: Scroll            |     6 |    14 |       ||    20
       Potion            |       |     2 |       ||     2
  Eat: Chunk             |     2 |    11 |       ||    13
       Fruit             |       |     1 |       ||     1
Armor: Robe              |    38 |     2 |       ||    40
       Leather armour    |       |    18 |     1 ||    19
Dodge: Dodged            |    69 |    37 |     2 ||   108
